 Dungeon Crawl Stone Soup version 0.31.0-11-ge490571c62 (webtiles) character file.

Game seed: 8319599400763273459

133 Killerpretzel the Changeling (level 5, 0/34 HPs)
             Began as an Octopode Shapeshifter on Feb 10, 2024.
             Slain by an orc wizard
             ... wielding a +0 dagger
              (2 damage)
             ... on level 4 of the Dungeon.
             The game lasted 00:06:44 (2888 turns).

Killerpretzel the Changeling (OpSh)                 Turns: 2888, Time: 00:06:45

Health: 0/34       AC:  1    Str: 14    XL:     5   Next: 16%
Magic:  5/5        EV: 13    Int: 12    God:
Gold:   127        SH:  0    Dex: 13    Spells: 4/4 levels left

rFire   + .          .
                       - Unarmed
rCold   . . .        (no shield)
rNeg    . . .        (helmet currently unavailable)
rPois   .            (no amulet)
rElec   .            f - ring of protection from fire
rCorr   .            i - ring of flight
SInv    .            (no ring)
Will    .....        (no ring)
Stlth   ++           (no ring)
HPRegen 0.25/turn    (no ring)
MPRegen 0.09/turn    (no ring)
                     (no ring)

%: no passive effects
@: beast-form, flying
A: beast (slay +2), almost no armour, amphibious, 8 rings, camouflage 1,
gelatinous body 1, (nimble swimmer 1), tentacles
a: Begin Untransformation


You were on level 4 of the Dungeon.
You were a hulking beast.
You visited 1 branch of the dungeon, and saw 4 of its levels.

You collected 127 gold pieces.

Inventory:

Jewellery
 f - a ring of protection from fire (left tentacle)
 i - a ring of flight (right tentacle)
 o - a ring of magical power
Talismans
 b - a beast talisman
 c - a flux talisman
Wands
 d - a wand of roots (8)
Scrolls
 e - 2 scrolls of revelation
 n - a scroll of immolation
 p - a scroll of fog
 s - a scroll of fear
Potions
 a - a potion of lignification
 g - a potion of curing
 h - 2 potions of brilliance
 j - a potion of berserk rage {unknown}
 k - a potion of might {unknown}
 l - 2 potions of haste
 m - a potion of attraction {unknown}
 q - a potion of ambrosia {unknown}
 t - a potion of degeneration {unknown}


   Skills:
 + Level 2.2 Fighting
 + Level 2.8 Dodging
 + Level 3.6 Unarmed Combat
 * Level 4.0 Shapeshifting


You had 4 spell levels left.
You didn't know any spells.
Your spell library contained the following spells:

 Spells                   Type           Power      Damage    Failure   Level
 Necrotise                Necr           0%         1d4       32%         1
 Ozocubu's Armour         Ice            0%         N/A       69%         3
 Vampiric Draining        Necr           0%         2d6       69%         3
 Martyr's Knell           Necr/Summ      0%         N/A       97%         4
 Summon Lightning Spire   Summ/Air       0%         N/A       97%         4
 Curse of Agony           Necr           0%         N/A       100%        5
 Lee's Rapid Deconstruct  Erth           0%         3d4*      100%        5
 Metabolic Englaciation   Hex/Ice        0%         N/A       100%        5
 Sculpt Simulacrum        Ice/Alch       0%         N/A       100%        6
 Animate Armour           Summ/Erth      Unusable   N/A       N/A         4

Dungeon Overview and Level Annotations

Branches:
Dungeon (4/15)
 Temple: D:4-7

Altars:
Dithmenos
Makhleb
Yredelemnul
Zin
The Shining One


Innate Abilities, Weirdness & Mutations

You are a hulking beast.
Your limbs bulge with bestial killing power. (Slay +2)
You cannot wear most types of armour.
You are amphibious.
You can wear up to eight rings at the same time.
Your skin changes colour to match your surroundings (Stealth+).
Your rubbery body absorbs attacks. (AC +1, EV +1)
((You are camouflaged when in or above water. (Stealth+)))
You have tentacles for arms and can constrict up to eight enemies at once.


Message History

An orc, an orc priest and an orc wizard come into view.
The orc priest shouts!
Found a glowing golden altar of the Shining One.
The orc priest hits you with a +0 war axe!
The orc shouts!
There is an open door, spattered with blood here.
The orc wizard shouts!
You bludgeon the orc priest! You grab the orc priest.
You squeeze the orc priest!
You kill the orc priest!
Your Shapeshifting skill increases to level 4!
You have reached level 5!
You feel stronger.
You tentacle-slap the orc but do no damage.
You grab the orc. You constrict the orc. The orc closely misses you.
The orc wizard casts a spell.
The orc wizard flickers and vanishes!
Deactivating autopickup; reactivate with Ctrl-A.
You tentacle-slap the orc.
You kill the orc!
A magic dart appears from out of thin air!
The magic dart hits you.
You hear some strange, mumbled words.
A puff of flame appears from out of thin air!
The puff of flame hits you. You resist.
You miss something. Your squeeze misses something.
You hear some strange, mumbled words.
A magic dart appears from out of thin air!
The magic dart hits you.
You barely miss something. Something hits you.
You miss something. Your squeeze misses something. Something hits you.
* * * LOW HITPOINT WARNING * * *
You tentacle-slap something. You squeeze something. Something hits you.
* * * LOW HITPOINT WARNING * * *
You closely miss something. Your squeeze misses something.
Something hits you but does no damage.
You tentacle-slap something but do no damage.
Something hits you.
* * * LOW HITPOINT WARNING * * *
You miss something. Something hits you.
You die...

#####...#####...#
##...##.##...###.#
#.8.8.#.#.8.8.##.###
#.._†.#.#.._..#....#
#.8...#.#...8.#....####
##...'#.#'...##.........
...#####...#####.#########
.........⌠...............#
...#####..h#####...####.###
+#.#{)..###....<....
#.#...8.###########
#.#.._..# #.#.8.8.#
#.##...## ... #### ..


There were no monsters in sight!

Vanquished Creatures
  An orc priest (D:4)
  3 adders (D:3)
  2 ribbon worms (D:2)
  A dart slug (D:1)
  3 orcs
  7 endoplasms
  A giant cockroach (D:3)
  3 goblins (D:3)
  4 hobgoblins
  7 jackals
  3 quokkas
  6 ball pythons
  5 bats
  3 frilled lizards
  5 kobolds
  10 rats
64 creatures vanquished.

Notes
Turn   | Place    | Note
-------+----------+-------------------------------------------
     0 | D:1      | Killerpretzel the Octopode Shapeshifter began the quest for
                  | the Orb.
     0 | D:1      | Reached XP level 1. HP: 13/13 MP: 1/1
    85 | D:1      | Reached XP level 2. HP: 16/18 MP: 2/2
   596 | D:1      | Identified a scroll of acquirement
   596 | D:1      | Acquired a ring of protection from fire
   767 | D:2      | Reached XP level 3. HP: 19/23 MP: 3/3
  1605 | D:3      | Found a faded altar of an unknown god.
  1764 | D:3      | Reached XP level 4. HP: 29/29 MP: 4/4
  2349 | D:3      | Found a glowing silver altar of Zin.
  2698 | D:4      | Found a shadowy altar of Dithmenos.
  2863 | D:4      | Found a basalt altar of Yredelemnul.
  2871 | D:4      | Found a burning altar of Makhleb.
  2874 | D:4      | Found a glowing golden altar of the Shining One.
  2877 | D:4      | Reached skill level 4 in Shapeshifting
  2877 | D:4      | Reached XP level 5. HP: 25/34 MP: 5/5
  2888 | D:4      | Slain by an orc wizard

Illustrated notes

Levels and vault maps discovered:
D:1:      saegor_arrival_miasma, layout_basic, minmay_misc_feat_enclosed
D:2:      layout_basic
D:3:      layout_loops_ring, zin_scriptorium, hellmonk_ecumenical_altar_blasted,
          nicolae_concentric_dashed_squares_mild, minmay_fractal_squares_5
D:4:      layout_basic, mainiacjoe_overflow_boulevard,
          grunt_temple_overflow_cloverleaf

Skill      XL: |  1  2  3  4 |
---------------+-------------+-----
Fighting       | 2 |  2.2
Shapeshifting  | 4 |  4.0
Dodging        | |  2.8
Unarmed Combat | |  3.6

Action                     |  1- 3 |  4- 6 || total
---------------------------+-------+-------++-------
  Melee: Unarmed           |    76 |    44 ||   120
         Constrict         |    20 |    12 ||    32
         Tentacles         |    19 |    10 ||    29
         Punch             |     2 |       ||     2
    Use: Scroll            |     8 |     5 ||    13
   Stab: Sleeping          |     7 |     1 ||     8
         Distracted        |     1 |       ||     1
 Armour: Skin              |    28 |    25 ||    53
  Dodge: Dodged            |    28 |    22 ||    50
